 Dungeon Crawl Stone Soup version 0.23-a0-473-gc8aadda (webtiles) character file.

113127 Thimble the Ripper (level 15, -7/69 HPs)
             Began as a Felid Monk on Nov 27, 2018.
             Was a Priest of Elyvilon.
             Hit by a large rock thrown by a stone giant (36 damage)
             ... on level 1 of the Depths.
             The game lasted 06:06:28 (58321 turns).

Thimble the Ripper (Felid Monk)                    Turns: 58321, Time: 06:06:28

Health: -7/69      AC:  3    Str:  9    XL:     15   Next: 79%
Magic:  0/43       EV: 31    Int: 16    God:    Elyvilon [***...]
Gold:   204        SH:  0    Dex: 17    Spells: 12/14 levels left
                                        Lives:  0   Deaths: 3

rFire    . . .     SeeInvis +     - Unarmed
rCold    + . .     Gourm    .   (shield unavailable)
rNeg     . . .     Faith    .   (armour unavailable)
rPois    .         Spirit   +   (helmet unavailable)
rElec    .         Reflect  .   (cloak unavailable)
rCorr    .         Harm     .   (gloves unavailable)
MR       ++...                  (boots unavailable)
Stlth    ++++++++..             v - amulet of guardian spirit
HPRegen  0.21/turn              c - ring of magical power
MPRegen  0.28/turn              G - ring of magical power

@: studying 2 skills, quick
A: very small, no armour, no weapons or thrown items, stealth, claws 1, fangs 3,
see invisible, carnivore, clumsy 1, speed 1, shaggy fur 3, slow metabolism 1,
sharp paws
}: 1/15 runes: decaying
a: Lesser Healing, Heal Other, Purification, Divine Protection, Renounce
Religion


You were on level 1 of the Depths.
You worshipped Elyvilon.
Elyvilon was most pleased with you.
You were very full.

You visited 8 branches of the dungeon, and saw 33 of its levels.
You also visited: Sewer, Ice Cave and Volcano.

You collected 3395 gold pieces.
You spent 3191 gold pieces at shops.

Inventory:

Jewellery
 c - a ring of magical power (left paw)
 l - an uncursed amulet of regeneration
 m - an uncursed ring of wizardry
 p - an uncursed ring of ice
 u - an uncursed ring of ice
 v - an amulet of guardian spirit (around neck)
 F - an uncursed ring of stealth
 G - a ring of magical power (right paw)
 H - an uncursed ring of poison resistance
 K - an uncursed ring of protection from magic
Wands
 s - a wand of polymorph (21)
 z - a wand of flame (23)
 E - a wand of digging (3)
Scrolls
 b - 12 scrolls of remove curse
 d - 3 scrolls of teleportation
 h - 5 scrolls of identify
 j - 3 scrolls of fog
 q - 6 scrolls of amnesia
 t - 3 scrolls of immolation
 w - 2 scrolls of holy word
 x - a scroll of magic mapping
 D - a scroll of silence
Potions
 e - a potion of resistance
 f - 9 potions of brilliance
 i - a potion of haste
 k - 2 potions of ambrosia
 n - 2 potions of lignification
 r - a potion of agility
 A - 5 potions of flight
Books
 g - a manual of Stealth
 C - a manual of Ice Magic
Miscellaneous
 o - a box of beasts
 J - a phial of floods (inert)
 L - a sack of spiders
 M - a fan of gales (inert)
Comestibles
 a - 58 rations
 B - 7 chunks of flesh


   Skills:
 + Level 9.7 Fighting
 + Level 15.8 Dodging
 + Level 19.4 Stealth
 * Level 20.2 Unarmed Combat
 + Level 6.6 Hexes
 + Level 12.7 Invocations
 - Level 10.5 Evocations


You had 12 spell levels left.
You knew the following spells:

 Your Spells              Type           Power        Failure   Level  Hunger
a - Slow                  Hex            ###.....     2%          2    ###....

Your spell library contained the following spells:

 Spells                   Type           Power        Failure   Level  Hunger
 Cause Fear               Hex            ###.......   16%         4    #####..
 Summon Guardian Golem    Hex/Summ       ##......     19%         3    ####...
 Beastly Appendage        Tmut           #.....       26%         1    ##.....
 Freeze                   Ice            #...         26%         1    ##.....
 Infusion                 Chrm           #...         26%         1    ##.....
 Magic Dart               Conj           #...         26%         1    ##.....
 Sting                    Conj/Pois      #...         26%         1    ##.....
 Summon Small Mammal      Summ           #...         26%         1    ##.....
 Blink                    Tloc           N/A          36%         2    ###....
 Call Imp                 Summ           #.......     36%         2    ###....
 Poisonous Vapours        Pois/Air       #.....       36%         2    ###....
 Shroud of Golubria       Chrm/Tloc      #.........   36%         2    ###....
 Song of Slaying          Chrm           #.......     36%         2    ###....
 Sticks to Snakes         Tmut           #.......     36%         2    ###....
 Throw Flame              Conj/Fire      #.....       36%         2    ###....
 Throw Frost              Conj/Ice       #.....       36%         2    ###....
 Call Canine Familiar     Summ           #.......     58%         3    ####...
 Conjure Flame            Conj/Fire      #.......     58%         3    ####...
 Gell's Gravitas          Tloc           #.........   58%         3    ####...
 Mephitic Cloud           Conj/Pois/Air  #.......     58%         3    ####...
 Ozocubu's Armour         Chrm/Ice       #.......     58%         3    ####...
 Recall                   Summ/Tloc      N/A          58%         3    ####...
 Regeneration             Chrm/Necr      #.........   58%         3    ####...
 Spider Form              Tmut/Pois      #.........   58%         3    ####...
 Silence                  Hex/Air        ##........   87%         5    ######.
 Summon Mana Viper        Hex/Summ       ##......     87%         5    ######.
 Yara's Violent Unravell  Hex/Tmut       ##........   87%         5    ######.
 Force Lance              Conj/Tloc      #.......     94%         4    #####..
 Ice Form                 Ice/Tmut       #.......     94%         4    #####..
 Olgreb's Toxic Radiance  Pois           #.......     94%         4    #####..
 Sticky Flame             Conj/Fire      #.......     94%         4    #####..
 Summon Ice Beast         Ice/Summ       #.......     94%         4    #####..
 Summon Lightning Spire   Summ/Air       #.......     94%         4    #####..
 Throw Icicle             Conj/Ice       #.......     94%         4    #####..
 Aura of Abjuration       Summ           #.........   100%        5    ######.
 Blade Hands              Tmut           #.........   100%        5    ######.
 Summon Demon             Summ           #.........   100%        5    ######.
 Summon Forest            Summ/Tloc      #.........   100%        5    ######.
 Venom Bolt               Conj/Pois      #.........   100%        5    ######.
 Deflect Missiles         Chrm/Air       #.........   100%        6    #######
 Dispersal                Tloc           #.........   100%        6    #######
 Freezing Cloud           Conj/Ice/Air   #.........   100%        6    #######
 Shadow Creatures         Summ           N/A          100%        6    #######
 Ring of Flames           Chrm/Fire      #.........   100%        7    #######
 Controlled Blink         Tloc           N/A          100%        8    #######
 Discord                  Hex            ###.......   100%        8    #######
 Disjunction              Tloc           #.........   100%        8    #######
 Portal Projectile        Hex/Tloc       Unusable     N/A         3    N/A
 Spectral Weapon          Hex/Chrm       Unusable     N/A         3    N/A

Dungeon Overview and Level Annotations

Branches:
Dungeon (15/15)            Temple (1/1) D:4            Lair (6/6) D:11
  Swamp (4/4) Lair:4        Snake (2/4) Lair:2        Slime (0/5) Lair:5
    Orc (2/2) D:10            Elf (0/3) Orc:2        Vaults (2/5) D:14
 Depths (1/5) D:15
  Crypt: Vaults:2-3

Altars:
Ashenzari
Cheibriados
Dithmenos
Elyvilon
Fedhas
Gozag
Hepliaklqana
Kikubaaqudgha
Makhleb
Nemelex Xobeh
Okawaru
Qazlal
Ru
Sif Muna
Trog
Uskayaw
Vehumet
Wu Jian
Xom
Yredelemnul
Zin
The Shining One
Jiyva

Shops:
Orc:2 %(:*   Snake:1 (   Snake:2 }[   Vaults:1 !   Vaults:2 *}

Portals:
Hell: Depths:1
Abyss: Depths:1
Pandemonium: Depths:1

Annotations:
Snake:2 2 transporters, Vashnia


Innate Abilities, Weirdness & Mutations

You cannot wear armour.
You are incapable of wielding weapons or throwing items.
Your paws allow you to move quietly. (Stealth)
You have sharp claws.
You have razor-sharp teeth.
You have supernaturally acute eyesight. (SInv)
You are carnivorous and can eat meat at any time.
You cover ground quickly.
Your thick and shaggy fur keeps you warm. (AC +3, rC+)
You have a slow metabolism.
Your sharp claws are effective at attacking unaware monsters.
You are clumsy. (Dex -2)


Message History

You hear a grinding noise.
Evoke which item? (* to show all) (? for menu, Esc to quit)
Aiming: Dig
Press: ? - help, Shift-Dir - straight line A rock wall.
The rock shatters into small pieces.
You hear a grinding noise.
The deep troll earth mage gestures at the rock wall while chanting.
You hear a grinding noise.
You hear a grinding noise.
You hear a grinding noise.
Found a buckler.
Found a gateway to Hell.
You see here a buckler.
You hear a grinding noise.
A stone giant comes into view.
The stone giant shouts!
The stone giant throws a large rock.
The large rock hits you!!!
Ouch! That really hurt!
You die...

#..#.#####..#..#.# ..# #. #
#................# #..#
#.##........#..##### .#####..#
#.................. .∩......#
##########..#....# #.......#
##..##.#C# #..####..
#####....)...# #......#.
##...##.###)#(#########.###.#.
##⌠.>.⌠#####..@........[...#.#.
#.).....#....#.######.##.#.#...
#.<.⌠.>.###))#.######.##.......
#.......#..............##....#.
##⌠...⌠####..##.#####..##....##
##...#####....................
##.##.Z.)..##.#####..#.#..##.
#...#####.##.# #..#....###
##### #.##.# # ...... #


You could see a stone giant.

Vanquished Creatures
  Rupert (D:14)
  A sphinx (Vaults:1)
  A vault warden (Vaults:1)
  3 frost giants
  A stone giant (Vaults:1)
  2 ironheart preservers (Vaults:1)
  3 dire elephants (Lair:6)
  3 ettins (Depths:1)
  2 fire dragons
  2 naga warriors
  The ghost of Ihayd the Fighter, a journeyman MiBe of Trog (Lair:1)
  3 yaktaur captains
  An ice dragon (Vaults:1)
  6 hydras
  8 centaur warriors
  A ghost crab (Swamp:1)
  A shambling mangrove (Lair:3)
  3 anacondas
  3 alligators (Swamp:3)
  4 ogre magi
  A tengu warrior (D:15)
  22 two-headed ogres
  A deep troll earth mage (Depths:1)
  3 naga sharpshooters
  4 death yaks
  A shock serpent (Snake:1)
  10 spriggans
  2 deep elf knights (Vaults:1)
  A skeletal warrior (D:14)
  A sixfirhy (Depths:1)
  4 unseen horrors
  A deep troll (Orc:1)
  4 hell knights (Depths:1)
  A salamander mystic (Snake:2)
  A flayed ghost (Depths:1)
  2 deep elf archers (Vaults:1)
  2 spriggan druids
  9 swamp dragons
  3 lindwurms (Swamp:4)
  3 harpies (Vaults:1)
  An ironbrand convoker (Vaults:1)
  2 mana vipers (Snake:1)
  2 wolf spider zombies
  6 ugly things
  An orc sorcerer (Orc:1)
  5 cyclopes
  5 oklob plants
  7 salamanders
  A shining eye (D:15)
  4 manticores
  5 orc knights
  3 deep elf magi
  12 black mambas
  A rust devil (Depths:1)
  16 elephants
  7 naga magi
  A molten gargoyle (Volcano)
  A guardian serpent (Snake:1)
  A vault sentinel (Vaults:1)
  2 gargoyles
  2 kobold demonologists
  4 rime drakes
  15 spiny frogs
  9 komodo dragons
  A freezing wraith (Vaults:1)
  2 efreet (Volcano)
  17 yaktaurs
  11 trolls
  A hellwing (Depths:1)
  2 tengu conjurers (D:14)
  19 hornets
  6 polar bears (IceCv)
  10 tyrant leeches
  A queen bee (Lair:3)
  Grinder (D:5)
  4 dream sheep (Lair:5)
  A harpy skeleton (D:14)
  17 hippogriffs
  33 slime creatures
  20 blink frogs
  5 bog bodies
  A snapping turtle (Orc:1)
  A vampire (D:11)
  2 shadows
  9 wyverns
  A tarantella (Vaults:1)
  A wraith (D:15)
  2 basilisks (Lair:6)
  2 fire elementals (Volcano)
  62 yaks
  A hungry ghost (D:11)
  33 vampire mosquitoes
  Menkaure (D:5)
  17 insubstantial wisps
  5 wargs
  9 nagas
  10 swamp worms
  An acid dragon (D:11)
  2 soldier ants
  11 porcupines
  12 water moccasins
  12 swamp drakes
  26 orc warriors
  3 ice beasts
  3 black bears
  5 sky beasts
  A sky beast (shapeshifter) (Vaults:1)
  A necrophage (D:9)
  34 ogres
  3 boggarts
  A tengu (D:11)
  An eye of draining (Lair:1)
  21 wolves
  6 crocodiles
  13 centaurs
  Blork the orc (D:5)
  12 big kobolds
  20 bullfrogs
  An elf simulacrum (Vaults:1)
  2 earth elementals (Volcano)
  A wyvern skeleton (D:14)
  2 wyvern zombies
  2 scorpions
  30 killer bees (Lair:3)
  5 wights (D:9)
  2 centaur zombies
  8 crimson imps
  6 hounds
  17 orc priests
  9 jellies
  Crazy Yiuf (D:2)
  3 iguanas
  27 orc wizards
  A bullfrog skeleton (D:10)
  6 centaur skeletons
  An iron imp (Depths:1)
  12 worker ants
  2 hound zombies
  2 hound skeletons
  A worker ant zombie (D:8)
  Robin (D:2)
  3 gnolls (Orc:1)
  13 adders
  3 river rats (Sewer)
  3 shadow imps
  2 oozes
  An adder zombie (D:9)
  2 adder skeletons (D:7)
  4 worms
  6 dart slugs
  9 leopard geckos
  82 orcs
  8 bats
  10 giant cockroaches
  18 goblins
  10 hobgoblins
  17 jackals
  2 quokkas
  9 ball pythons
  5 frilled lizards
  24 kobolds
  2 quokka zombies
  10 rats
  5 fire vortices (Volcano)
  3 plants
1129 creatures vanquished.

Vanquished Creatures (collateral kills)
  A thorn hunter (Swamp:4)
  A vault warden (Vaults:1)
  An ettin (Depths:1)
  A yaktaur captain (Vaults:1)
  2 vault guards (Vaults:1)
  Erica (Lair:1)
  A spriggan (Swamp:3)
  A shadow demon (Depths:1)
  A necromancer (Depths:1)
  A salamander (Snake:2)
  A salamander (shapeshifter) (Depths:1)
  A vault sentinel (Vaults:1)
  An orange demon (Depths:1)
  4 yaktaurs (Vaults:1)
  An ice devil (Depths:1)
  A hornet (Swamp:3)
  A steam dragon (Lair:4)
  A swamp drake (Swamp:3)
  2 wolves (IceCv)
  A crimson imp (Depths:1)
  A quasit (Depths:1)
  An iron imp (Depths:1)
  A shadow imp (Depths:1)
  A bush (Lair:3)
  A plant (Lair:4)
30 creatures vanquished.

Vanquished Creatures (others)
  4 hydras
  5 death yaks
  A spriggan druid (Swamp:4)
  A deep troll (Orc:2)
  3 lindwurms (Lair:2)
  A centaur skeleton (D:15)
  A komodo dragon (D:15)
  7 polar bears (IceCv)
  A vampire (D:14)
  4 yaks
  A spriggan (Swamp:1)
  2 wolves (IceCv)
  2 orcs
  2 bushes
  A fire vortex (Volcano)
  16 fungi
  32 plants
84 creatures vanquished.

Grand Total: 1243 creatures vanquished

Notes
Turn   | Place    | Note
-------+----------+-------------------------------------------
     0 | D:1      | Thimble the Felid Monk began the quest for the Orb.
     0 | D:1      | Reached XP level 1. HP: 10/10 MP: 2/2
   407 | D:2      | Reached XP level 2. HP: 14/14 MP: 3/3
   465 | D:2      | Found an ornate altar of the Wu Jian Council.
   870 | D:1      | Reached XP level 3. HP: 16/17 MP: 4/4
  1434 | D:1      | Found a shattered altar of Ashenzari.
  1436 | D:1      | Found a shimmering altar of Xom.
  1436 | D:1      | Found a shadowy altar of Dithmenos.
  1438 | D:1      | Found a basalt altar of Yredelemnul.
  1438 | D:1      | Found a radiant altar of Vehumet.
  1438 | D:1      | Found a white marble altar of Elyvilon.
  1519 | D:2      | Found an opulent altar of Gozag.
  1553 | D:2      | Reached XP level 4. HP: 21/21 MP: 5/5
  1584 | D:2      | Found Zin's Purification Station.
  1585 | D:2      | Found a glowing silver altar of Zin.
  1608 | D:2      | Bought a potion of curing for 90 gold pieces
  1655 | D:2      | Reached skill level 4 in Unarmed Combat
  1697 | D:2      | Noticed Robin
  1706 | D:2      | Killed Robin
  1706 | D:2      | Reached skill level 5 in Dodging
  1758 | D:2      | Found an iron altar of Okawaru.
  1937 | D:2      | Reached XP level 5. HP: 24/24 MP: 6/6
  2068 | D:2      | Found a runed door.
  2142 | D:2      | Noticed Crazy Yiuf
  2146 | D:2      | Killed Crazy Yiuf
  3422 | D:4      | Reached skill level 5 in Unarmed Combat
  3426 | D:4      | Noticed an ice beast
  3431 | D:4      | Killed an ice beast
  3431 | D:4      | Reached skill level 5 in Stealth
  3431 | D:4      | Gained mutation: You are covered in thick fur. (AC +2)
                  | [Felid growth]
  3431 | D:4      | Reached XP level 6. HP: 19/28 MP: 7/7
  3859 | D:4      | Found a staircase to the Ecumenical Temple.
  3871 | Temple   | Entered the Ecumenical Temple
  3913 | Temple   | Became a worshipper of Elyvilon the Healer
  3913 | Temple   | Reached * piety under Elyvilon
  3913 | Temple   | Reached ** piety under Elyvilon
  4085 | D:5      | Entered Level 5 of the Dungeon
  4100 | D:5      | Found a blossoming altar of Fedhas.
  4261 | D:5      | Reached skill level 1 in Invocations
  4276 | D:5      | Reached XP level 7. HP: 27/31 MP: 8/8
  4293 | D:5      | Found a bloodstained altar of Trog.
  4355 | D:5      | Noticed Blork the orc
  4362 | D:5      | Noticed Menkaure
  4381 | D:5      | Killed Menkaure
  4381 | D:5      | Reached skill level 6 in Unarmed Combat
  4390 | D:5      | Killed Blork the orc
  4449 | D:5      | Noticed Grinder
  4461 | D:5      | Killed Grinder
  4496 | D:5      | Reached *** piety under Elyvilon
  4535 | D:5      | Reached XP level 8. HP: 25/34 MP: 9/11
  4802 | D:5      | Reached skill level 7 in Unarmed Combat
  4942 | D:5      | Found a deep blue altar of Sif Muna.
  4946 | D:5      | Found a sparkling altar of Nemelex Xobeh.
  4949 | D:5      | Found a shadowy altar of Dithmenos.
  5137 | D:6      | Found a glowing drain.
  5171 | Sewer    | Entered a sewer
  5925 | D:6      | Reached skill level 8 in Unarmed Combat
  6240 | D:6      | Reached **** piety under Elyvilon
  6362 | D:7      | Found a burning altar of Makhleb.
  6435 | D:7      | Noticed a hippogriff
  6442 | D:7      | Killed a hippogriff
  6442 | D:7      | Reached XP level 9. HP: 37/39 MP: 13/13
  6687 | D:7      | Reached skill level 9 in Unarmed Combat
  6745 | D:7      | Reached skill level 1 in Evocations
  6861 | D:7      | Found a hazy altar of Hepliaklqana.
  7388 | D:8      | Noticed a two-headed ogre
  7397 | D:8      | Killed a two-headed ogre
  7397 | D:8      | Reached skill level 10 in Unarmed Combat
  7397 | D:8      | Reached skill level 5 in Invocations
  7493 | D:8      | Reached XP level 10. HP: 39/42 MP: 12/14
  7664 | D:8      | Found a stormy altar of Qazlal.
  7891 | D:9      | Noticed a two-headed ogre
  7893 | D:9      | Killed a two-headed ogre
  8119 | D:9      | Reached ***** piety under Elyvilon
  8146 | D:9      | Noticed a manticore
  8163 | D:9      | Killed a manticore
  8163 | D:9      | Reached skill level 10 in Stealth
  8345 | D:9      | Reached skill level 11 in Unarmed Combat
  8675 | D:9      | Found a snail-covered altar of Cheibriados.
  8697 | D:9      | Elyvilon protects you from harm!
  9437 | D:10     | Entered Level 10 of the Dungeon
  9618 | D:10     | Found a staircase to the Orcish Mines.
  9892 | D:10     | Reached XP level 11. HP: 33/46 MP: 11/16
 10072 | D:10     | Reached skill level 5 in Evocations
 10249 | D:10     | Noticed an unseen horror
 10252 | D:10     | Killed an unseen horror
 10350 | D:11     | Reached skill level 12 in Unarmed Combat
 11048 | D:11     | Found a staircase to the Lair.
 11916 | D:12     | Noticed an unseen horror
 11938 | D:12     | Killed an unseen horror
 12133 | D:12     | Noticed a red ugly thing
 12147 | D:12     | Killed a red ugly thing
 12324 | D:12     | Noticed a cyan ugly thing
 12331 | D:12     | Killed a cyan ugly thing
 12331 | D:12     | Reached skill level 13 in Unarmed Combat
 12358 | D:12     | Noticed a four-headed hydra
 12362 | D:12     | Noticed a two-headed ogre
 12368 | D:12     | Pacified a four-headed hydra
 12435 | Lair:1   | Entered Level 1 of the Lair of Beasts
 12631 | Lair:1   | Found a dark tunnel.
 12641 | Volcano  | Entered a volcano
 12793 | Volcano  | Noticed a lindwurm
 12793 | Volcano  | Noticed a lindwurm
 13506 | Volcano  | Gained mutation: Your thick and shaggy fur keeps you warm.
                  | (AC +3, rC+) [Felid growth]
 13506 | Volcano  | Reached XP level 12. HP: 50/50 MP: 18/18
 14080 | Lair:1   | Found a runed gate.
 14081 | Lair:1   | Found a runed gate.
 14083 | Lair:1   | Found a runed gate.
 14085 | Lair:1   | Found a viscous altar of Jiyva.
 14085 | Lair:1   | Noticed Ihayd's ghost (journeyman MiBe)
 14205 | Lair:1   | Noticed Erica
 14219 | Lair:1   | Killed Erica
 14795 | Lair:2   | Found a frozen archway.
 14943 | IceCv    | Entered an ice cave
 15288 | IceCv    | Noticed a frost giant
 15411 | IceCv    | Reached skill level 10 in Dodging
 15707 | Lair:2   | Reached skill level 14 in Unarmed Combat
 15963 | Lair:2   | Found a staircase to the Snake Pit.
 16299 | Lair:2   | Found the +1 cloak of Starlight {rElec rC+ EV+4 Stlth--}
 16345 | Lair:2   | Identified the Volume of Mutagenic Conjuration
 16405 | Lair:3   | Noticed a seven-headed hydra
 16407 | Lair:3   | Killed a seven-headed hydra
 16451 | Lair:3   | Noticed a four-headed hydra
 16977 | Lair:3   | Pacified a four-headed hydra
 16977 | Lair:3   | Reached XP level 13. HP: 54/54 MP: 20/20
 17442 | Lair:3   | Reached skill level 5 in Fighting
 19424 | Lair:4   | Found a staircase to the Swamp.
 19813 | Lair:4   | Reached skill level 15 in Unarmed Combat
 20121 | Lair:4   | Noticed Urug
 20175 | Lair:4   | HP: 1/54 [Urug/javelin (15)]
 20349 | Lair:4   | Noticed Urug
 20349 | Lair:4   | Urug changed into Urug the two-headed ogre
 20361 | Lair:4   | Killed Urug the two-headed ogre
 20951 | Lair:5   | HP: 4/81 [blink frog (3)]
 21233 | Lair:5   | Found a staircase to the Slime Pits.
 22365 | Lair:5   | Reached skill level 10 in Invocations
 22375 | Lair:5   | Reached XP level 14. HP: 39/58 MP: 12/22
 23534 | Lair:6   | Entered Level 6 of the Lair of Beasts
 24180 | D:13     | You fall through a shaft for 2 floors!
 24180 | D:15     | Entered Level 15 of the Dungeon
 24262 | D:15     | Reached skill level 16 in Unarmed Combat
 24492 | D:15     | Found a staircase to the Depths.
 24977 | D:15     | Gained mutation: You are clumsy. (Dex -2) [a shining eye]
 25394 | D:15     | Reached skill level 10 in Evocations
 25940 | D:14     | Noticed Rupert
 26492 | D:14     | Reached skill level 17 in Unarmed Combat
 27084 | D:14     | Paralysed by Rupert for 4 turns
 27102 | D:14     | Killed Rupert
 27142 | D:14     | Reached XP level 15. HP: 57/63 MP: 23/23
 27488 | D:14     | Found a gate to the Vaults.
 28969 | D:13     | Reached skill level 15 in Stealth
 29923 | Lair:1   | Killed Ihayd's ghost
 30805 | Lair:3   | Slain by a shambling mangrove
 30806 | Lair:3   | Reached XP level 14. HP: 0/60 MP: 0/31
 31846 | Lair:6   | Reached skill level 18 in Unarmed Combat
 35034 | Orc:1    | Entered Level 1 of the Orcish Mines
 35840 | Orc:2    | Entered Level 2 of the Orcish Mines
 36402 | Orc:2    | Reached XP level 15. HP: 61/63 MP: 24/24
 36570 | Orc:2    | Found a staircase to the Elven Halls.
 38067 | Orc:2    | Found Boreres's Book Boutique.
 38069 | Orc:2    | Found Ryfaf's Assorted Antiques.
 38075 | Orc:2    | Found Fapn's Food Emporium.
 38093 | Orc:2    | Found Fidi's Weapon Emporium.
 38122 | Orc:2    | Bought a diamond ring for 160 gold pieces
 38122 | Orc:2    | Bought an iron wand for 128 gold pieces
 38750 | Orc:1    | Noticed an orc warlord
 38782 | Orc:1    | Noticed a storm dragon
 38782 | Orc:1    | an orc warlord changed into a storm dragon
 40329 | Depths:1 | Entered Level 1 of the Depths
 40329 | Depths:1 | Noticed a frost giant
 40547 | Snake:1  | Entered Level 1 of the Snake Pit
 42314 | Snake:1  | Found Qigeeddo's Antique Weapon Shop.
 42978 | Snake:2  | Found Xoj Kiwa's Antique Armour Boutique.
 42980 | Snake:2  | Found Xinesuas's Distillery.
 42982 | Snake:2  | Found Onimutet's Gadget Boutique.
 42988 | Snake:2  | Bought 2 potions of lignification for 90 gold pieces
 42988 | Snake:2  | Bought a potion of might for 60 gold pieces
 42988 | Snake:2  | Bought a potion of might for 60 gold pieces
 42990 | Snake:2  | Bought a wand of polymorph (4) for 84 gold pieces
 42990 | Snake:2  | Bought a phial of floods for 560 gold pieces
 42990 | Snake:2  | Bought a wand of iceblast (2) for 84 gold pieces
 42990 | Snake:2  | Bought a sack of spiders for 280 gold pieces
 42990 | Snake:2  | Bought a wand of flame (8) for 70 gold pieces
 42997 | Snake:2  | Noticed Vashnia
 43019 | Snake:2  | Reached skill level 19 in Unarmed Combat
 43678 | Snake:2  | Found a transporter.
 43758 | Snake:2  | Found a transporter.
 44328 | Swamp:1  | Entered Level 1 of the Swamp
 45039 | Swamp:1  | Reached XP level 16. HP: 29/70 MP: 12/25
 48436 | Snake:2  | Bought a potion of ambrosia for 120 gold pieces
 48436 | Snake:2  | Bought a potion of berserk rage for 75 gold pieces
 48436 | Snake:2  | Bought a potion of lignification for 45 gold pieces
 48436 | Snake:2  | Bought a potion of brilliance for 60 gold pieces
 48436 | Snake:2  | Bought a potion of lignification for 45 gold pieces
 48436 | Snake:2  | Bought a potion of brilliance for 60 gold pieces
 48436 | Snake:2  | Bought a potion of lignification for 45 gold pieces
 50502 | Swamp:3  | Learned a level 2 spell: Slow
 50883 | Swamp:4  | Entered Level 4 of the Swamp
 50901 | Swamp:3  | Reached skill level 1 in Hexes
 51196 | Swamp:4  | Killed from afar by a lindwurm
 51197 | Swamp:4  | Reached XP level 15. HP: -26/67 MP: 0/34
 51236 | Swamp:4  | Reached skill level 15 in Dodging
 51623 | Swamp:4  | Noticed a thorn hunter
 51634 | Swamp:4  | Killed a thorn hunter
 52447 | Swamp:4  | Got a decaying rune of Zot
 53193 | Vaults:1 | Entered Level 1 of the Vaults
 54156 | Vaults:1 | Noticed a vault warden
 54159 | Vaults:1 | Killed a vault warden
 54160 | Vaults:1 | Reached XP level 16. HP: 72/72 MP: 26/26
 54632 | Vaults:1 | Noticed a sphinx
 54644 | Vaults:1 | Killed a sphinx
 54907 | Vaults:1 | Reached skill level 5 in Hexes
 55392 | Vaults:1 | Reached skill level 20 in Unarmed Combat
 55543 | Vaults:1 | Elyvilon protects you from harm!
 56576 | Vaults:1 | Found Yckonoc's Distillery.
 56584 | Vaults:1 | Bought a potion of lignification for 54 gold pieces
 56584 | Vaults:1 | Bought a potion of might for 72 gold pieces
 56584 | Vaults:1 | Bought a potion of lignification for 54 gold pieces
 56584 | Vaults:1 | Bought a potion of lignification for 54 gold pieces
 56584 | Vaults:1 | Bought a potion of agility for 72 gold pieces
 56584 | Vaults:1 | Bought a potion of haste for 180 gold pieces
 56651 | Vaults:2 | Found Vakoquzika's Gadget Emporium.
 56657 | Vaults:2 | Bought a box of beasts for 380 gold pieces
 56657 | Vaults:2 | Bought a wand of paralysis (9) for 209 gold pieces
 56667 | Vaults:2 | Found Fiyruck's Assorted Antiques.
 57202 | Snake:2  | HP: 2/72 [Vashnia/arrow (18)]
 57202 | Snake:2  | Shot with an arrow by Vashnia
 57203 | Snake:2  | Reached XP level 15. HP: -1/68 MP: 0/43
 57460 | D:15     | Killed a frost giant
 57484 | Depths:1 | Noticed a frost giant
 57488 | Depths:1 | Killed a frost giant
 57756 | Depths:1 | Found a one-way gate to the infinite horrors of the Abyss.
 57902 | Depths:1 | Found a one-way gate leading to the halls of Pandemonium.
 57987 | Depths:1 | Noticed a frost giant
 58039 | Depths:1 | Killed a frost giant
 58271 | Depths:1 | Elyvilon protects you from harm!
 58310 | Depths:1 | Found a gateway to Hell.
 58321 | Depths:1 | Hit by a large rock thrown by a stone giant

Vault maps used:
D:1:      dpeg_arrival_more_subterranean_lakeside_camping, doesnt_xom_only_xom
D:2:      lemuel_doored_altar, nicolae_gozag_seed_capital, zin_purify,
          okawaru_ov_weapons_minmay, uniq_crazy_yiuf_cottage, uniq_robin
D:4:      minmay_temple_entry_nine_rooms
D:5:      fedhas_altar_2, minmay_overflow_temple_star_quad,
          lightli_temple_of_fire, first_ration, uniq_blork_the_orc,
          uniq_menkaure, uniq_grinder
D:6:      portal_sewer_entry_f
D:7:      lemuel_coloured_pillars_altar, lemuel_round_altar, serial_park_tiny_1
D:8:      grunt_qazlal_sundering
D:9:      nicolae_overflow_crystal_walls, grunt_ogre_cave,
          chequers_decorated_corner
D:10:     david_orc_3
D:11:     david_lair_shrubbed
D:14:     hangedman_vaults_entry_quadrant_bands,
          hangedman_abyss_or_decor_stagger, uniq_rupert
D:15:     grunt_enter_depths_snipers, minmay_misc_feat_tiny
Temple:   nicolae_temple_figure_zero
Lair:1:   gammafunk_ghost_ooze, lightli_volcano_entry_magma_tube, uniq_erica
Lair:2:   dummy_snake_entry, portal_ice_cave_entry_pillars_2,
          chequers_serial_rivers_micro_d, minmay_lindwurm_lava
Lair:3:   regret_index_harrowing_hell_hive, minmay_lair_oklob_bushes,
          minivault_19, lemuel_old_faithful, infiniplex_staircase_pool_2
Lair:4:   minmay_swamp_entry_worms, minmay_lair_oklob_chamber,
          infiniplex_staircase_pool, serial_bayou_shore_a, uniq_urug
Lair:5:   minmay_slime_entry_pillars, grunt_megastairs_2
Lair:6:   due_jungle_book, grunt_megastairs_5
Swamp:1:  evilmike_swamp_ruin_house_2, swamp_pool1, nicolae_swamp_spriggan_camp
Swamp:2:  evilmike_swamp_ruin_house_3
Swamp:3:  nicolae_swamp_round_clearing
Swamp:4:  swamp_alternative
Snake:1:  serial_shops, shop, st_stairs_13
Snake:2:  gammafunk_the_bubble, lemuel_fruit_tree, minmay_shop_star,
          uniq_vashnia
Orc:2:    st_orc_open
Vaults:1: grunt_vaults_diagonal, hangedman_vaults_slice, st_squares,
          nicolae_vaults_hallways_thing, nicolae_vaults_specimen_jars,
          nicolae_vaults_little_squares_6, v_misc_1, serial_shops, shop
Vaults:2: v_misc_3, nicolae_vaults_murderbox, nicolae_vaults_network_star,
          hangedman_vaults_unwind, v_misc_27, nicolae_vaults_arrows,
          nicolae_vaults_big_ls, v_misc_17, serial_shops, shop, shop, shop,
          shop_scrolls, nicolae_shop_behind_doors
Depths:1: hell_entry, grunt_pan_entry_zigzag, chequers_serial_rivers_micro_a,
          abyss_entry, grunt_ministairs_7, minmay_guarded_unrand_vampires_tooth
Sewer:    sewer_co_tree
IceCv:    ice_cave_small_giant
Volcano:  volcano_aerie

Skill      XL: |  1  2  3  4  5  6  7  8  9 10 11 12 13 14 15 16 |
---------------+-------------------------------------------------+-----
Stealth        | 3 5 7 8 9 10 11 12 13 14 18 19 | 19.4
Unarmed Combat | 4 5 6 8 10 11 13 14 15 18 19 20 | 20.2
Dodging        | 5 6 7 8 9 10 11 13 15 | 15.8
Invocations    | 1 2 4 5 6 7 8 10 11 12 | 12.7
Evocations     | 2 4 6 8 9 10 | 10.5
Fighting       | 4 5 6 9 |  9.7
Hexes          | 6 5 |  6.6

Action                   |  1- 3 |  4- 6 |  7- 9 | 10-12 | 13-15 | 16-18 || total
-------------------------+-------+-------+-------+-------+-------+-------++-------
Melee: Unarmed           |   117 |   201 |   302 |   794 |  2558 |   656 ||  4628
       Bite              |    10 |    19 |    35 |    90 |   292 |    61 ||   507
       Punch             |     2 |     5 |    12 |    57 |   236 |    43 ||   355
Invok: Lesser Healing    |       |     1 |     1 |     5 |    20 |     2 ||    29
       Greater Healing   |       |       |     1 |    10 |    11 |     1 ||    23
       Heal Other        |       |       |       |    14 |    44 |    13 ||    71
       Purification      |       |       |       |       |     3 |     2 ||     5
Evoke: Wand              |       |       |    13 |    52 |   101 |    43 ||   209
       Sack of spiders   |       |       |       |     1 |     5 |     2 ||     8
       Box of beasts     |       |       |       |       |     9 |     2 ||    11
       Phial of floods   |       |       |       |       |     2 |     1 ||     3
       Fan of gales      |       |       |       |       |     1 |     1 ||     2
  Use: Scroll            |     1 |     4 |     8 |    14 |    17 |    10 ||    54
       Potion            |       |     3 |     2 |     9 |    35 |    10 ||    59
 Stab: Sleeping          |    13 |    12 |    12 |    28 |    64 |    13 ||   142
       Distracted        |       |     4 |     1 |     8 |    25 |     6 ||    44
       Paralysed         |       |       |     3 |     4 |    16 |     2 ||    25
       Invisible         |       |       |       |       |     7 |       ||     7
  Eat: Chunk             |     8 |     5 |     7 |    32 |    96 |    27 ||   175
Armor: Skin              |     4 |     1 |    12 |    16 |    82 |    52 ||   167
Dodge: Dodged            |    85 |   141 |   193 |   629 |  2272 |   650 ||  3970

Table legend:
 A = Non-vault XP
 B = Vault XP
 C = Vault XP percentage of total XP
 D = Non-vault monster count
 E = Vault monster count
 F = Vault count percentage of total count
                 A         B        C        D         E       F
            +---------+---------+-------+---------+---------+-------
      Total |  195018 |   85762 |  30.5 |     874 |     278 |  24.1
            +---------+---------+-------+---------+---------+-------
        D:1 |      53 |       0 |   0.0 |      28 |       0 |   0.0
        D:2 |     110 |      75 |  40.5 |      30 |      12 |  28.6
        D:3 |      82 |       0 |   0.0 |      21 |       0 |   0.0
        D:4 |     235 |       0 |   0.0 |      12 |       0 |   0.0
        D:5 |     513 |     546 |  51.6 |      10 |       3 |  23.1
        D:6 |     449 |      12 |   2.6 |      12 |       5 |  29.4
        D:7 |    1418 |       0 |   0.0 |      24 |       0 |   0.0
        D:8 |    1946 |       0 |   0.0 |      23 |       0 |   0.0
        D:9 |    4217 |     122 |   2.8 |      51 |       1 |   1.9
       D:10 |    3863 |     329 |   7.8 |      38 |       3 |   7.3
       D:11 |    4807 |     367 |   7.1 |      28 |       1 |   3.4
       D:12 |    5708 |       0 |   0.0 |      26 |       0 |   0.0
       D:13 |    9318 |       0 |   0.0 |      28 |       0 |   0.0
       D:14 |    9774 |    8785 |  47.3 |      28 |      20 |  41.7
       D:15 |   15513 |    4024 |  20.6 |      41 |       4 |   8.9
     Lair:1 |    4035 |    2096 |  34.2 |      19 |       6 |  24.0
     Lair:2 |    6498 |       0 |   0.0 |      22 |       0 |   0.0
     Lair:3 |    7346 |    7846 |  51.6 |      27 |      51 |  65.4
     Lair:4 |    7240 |    2880 |  28.5 |      30 |       7 |  18.9
     Lair:5 |    6437 |    3880 |  37.6 |      22 |      11 |  33.3
     Lair:6 |    9567 |    4589 |  32.4 |      28 |       9 |  24.3
    Swamp:1 |    8129 |    1140 |  12.3 |      25 |       3 |  10.7
    Swamp:2 |    9607 |       0 |   0.0 |      35 |       0 |   0.0
    Swamp:3 |   12847 |     630 |   4.7 |      44 |       1 |   2.2
    Swamp:4 |    7637 |    9618 |  55.7 |      35 |      16 |  31.4
    Snake:1 |    7020 |    1327 |  15.9 |      18 |       2 |  10.0
    Snake:2 |    9260 |    1597 |  14.7 |      18 |       2 |  10.0
      Orc:1 |    3731 |    3802 |  50.5 |      45 |       5 |  10.0
      Orc:2 |    2540 |   11242 |  81.6 |      47 |      30 |  39.0
   Vaults:1 |   22893 |   11349 |  33.1 |      44 |      15 |  25.4
   Vaults:2 |     292 |       0 |   0.0 |       1 |       0 |   0.0
   Depths:1 |   11933 |    3512 |  22.7 |      14 |      13 |  48.1
      Sewer |       0 |     382 | 100.0 |       0 |      28 | 100.0
      IceCv |       0 |    3919 | 100.0 |       0 |      23 | 100.0
    Volcano |       0 |    1693 | 100.0 |       0 |       7 | 100.0
            +---------+---------+-------+---------+---------+-------
